 Dungeon Crawl Stone Soup version 0.26-a0-1147-g3780a7a11b (webtiles) character file.

Game seed: 11056518048972205687

6676 gruber the Frost Mage (level 10, -2/63 HPs)
             Began as a Demonspawn Ice Elementalist on Dec 22, 2020.
             Was a Priest of Vehumet.
             Slain by an ice beast (3 damage)
             ... summoned by Fannar
             ... on level 10 of the Dungeon.
             The game lasted 00:17:49 (12089 turns).

gruber the Frost Mage (DsIE)                       Turns: 12089, Time: 00:17:49

Health: -2/63      AC: 11    Str:  9    XL:     10   Next: 73%
Magic:  0/17       EV: 14    Int: 20    God:    Vehumet [***...]
Gold:   608        SH:  0    Dex: 13    Spells: 5/19 levels left

rFire    . . .     SeeInvis .   g - +2 dagger (vamp)
rCold    + + .     Faith    .   (no shield)
rNeg     . . .     Spirit   +   m - +1 robe {Will+}
rPois    .         Reflect  .   t - +1 helmet
rElec    .         Harm     .   v - +0 cloak
rCorr    .         Rampage  .   j - +0 pair of gloves
Will     +....                  w - +1 pair of boots
Stlth    ++........             r - amulet of regeneration
HPRegen  0.60/turn              q - ring of wizardry
MPRegen  0.15/turn              I - ring of protection from cold

@: no status effects
A: claws 2, thin metallic scales 1, cold resistance 1, magic shield
a: Renounce Religion


You were on level 10 of the Dungeon.
You worshipped Vehumet.
Vehumet was most pleased with you.
You visited 1 branch of the dungeon, and saw 10 of its levels.

You collected 608 gold pieces.

Inventory:

Hand Weapons
 g - a +2 vampiric dagger (weapon)
Missiles
 o - 53 poisoned darts (quivered)
Armour
 j - a +0 pair of gloves (worn)
 m - a +1 robe of willpower (worn)
 t - a +1 helmet (worn)
 v - a +0 cloak (worn)
 w - a +1 pair of boots (worn)
Jewellery
 h - an uncursed ring of fire
 p - an uncursed amulet of reflection
 q - a ring of wizardry (left hand)
 r - an amulet of regeneration (around neck)
 y - an uncursed amulet of the acrobat
 I - a ring of protection from cold (right hand)
Wands
 k - a wand of enslavement (6)
 G - a wand of paralysis (4)
Scrolls
 a - 4 scrolls of amnesia
 b - 4 scrolls of teleportation
 l - 7 scrolls of remove curse
 B - 2 scrolls of random uselessness {unknown}
 D - a scroll of magic mapping {unknown}
 E - a scroll of blinking {unknown}
 H - a scroll of identify
Potions
 c - 2 potions of berserk rage
 d - 2 potions of resistance
 e - a potion of invisibility
 f - 6 potions of brilliance
 i - 3 potions of might
 n - a potion of heal wounds
 s - 3 potions of flight
 u - a potion of lignification
 x - a potion of magic
 z - a potion of haste
 A - 2 potions of attraction
 C - 2 potions of mutation {unknown}
 F - a potion of curing {unknown}


   Skills:
 - Level 4.0 Dodging
 - Level 1.7 Stealth
 - Level 1.0 Shields
 - Level 5.1 Spellcasting
 - Level 4.2 Summonings
 * Level 13.2 Ice Magic


You had 5 spell levels left.
You knew the following spells:

 Your Spells              Type           Power        Failure   Level
a - Freeze                Ice            100%         1%          1
b - Frozen Ramparts       Ice            100%         1%          3
c - Hailstorm             Conj/Ice       31%          1%          4
d - Summon Ice Beast      Ice/Summ       40%          1%          4
e - Searing Ray           Conj           10%          2%          2

Your spell library contained the following spells:

 Spells                   Type           Power        Failure   Level
 Mephitic Cloud           Conj/Pois/Air  5%           4%          3
 Summon Small Mammal      Summ           84%          1%          1
 Ozocubu's Armour         Ice            55%          1%          3
 Animate Skeleton         Necr           10%          4%          1
 Apportation              Tloc           10%          4%          1
 Corona                   Hex            5%           4%          1
 Sting                    Tmut/Pois      20%          4%          1
 Ignite Poison            Fire/Tmut/Pois 5%           4%          3
 Poisonous Vapours        Pois/Air       10%          7%          2
 Metabolic Englaciation   Hex/Ice        15%          9%          5
 Olgreb's Toxic Radiance  Pois           5%           13%         4
 Confusing Touch          Hex            5%           14%         3
 Gell's Gravitas          Tloc           2%           14%         3
 Yara's Violent Unravell  Hex/Tmut       2%           30%         5
 Petrify                  Tmut/Erth      5%           41%         4


Dungeon Overview and Level Annotations

Branches:
Dungeon (10/15)            Temple (0/1) D:6
   Lair: D:8-11         Orc: D:9-12

Altars:
Cheibriados
Fedhas
Gozag
Hepliaklqana
Okawaru
Ru
Vehumet
Wu Jian
Zin

Shops:
D:2 *   D:8 ?

Annotations:
D:8 2 transporters
D:9 3 runed translucent doors, arkorax's ghost, novice DsAK
D:10 Fannar


Innate Abilities, Weirdness & Mutations

You have very sharp fingernails.
You are partially covered in thin metallic scales. (AC +2)
Your flesh is cold resistant. (rC+)
When hurt, damage is shared between your health and your magic reserves.


Message History

You hit the ice beast.
The ice beast is almost dead.
Fannar mumbles some strange words.
Fannar blinks!
The ice beast hits you but does no damage.
The ice beast hits you.
* * * LOW HITPOINT WARNING * * *
The ice beast freezes you. You resist.
* * * LOW HITPOINT WARNING * * *
You hit the ice beast but do no damage.
The ice beast is almost dead.
The ice beast barely misses you.
The ice beast hits you but does no damage.
Unknown command.
You hit the ice beast but do no damage.
The ice beast is almost dead.
The ice beast hits you.
* * * LOW HITPOINT WARNING * * *
The ice beast freezes you. You resist.
You die...

# #........#
#.#...##..##
#..........# ###
####..###.##
.....#####..#
.######
#......#e###.......
#####.###.......e..
######.#.##ยง#####.!
............YY@#
############.#Y#
#.#... #.##### #..
###


You could see Fannar (icy armour) and 3 ice beasts.

Vanquished Creatures
  A tengu warrior (D:9)
  Pikel (D:5)
  Psyche (D:8)
  Prince Ribbit (D:7)
  Sigmund (D:6)
  A wyvern (D:9)
  8 yaks
  Edmund (D:5)
  2 sky beasts
  3 orc warriors
  2 lemures (D:5)
  3 ogres
  A centaur (D:10)
  3 bullfrogs
  A big kobold (D:7)
  A scorpion (D:4)
  9 killer bees (D:8)
  A howler monkey (D:6)
  6 hounds
  4 jellies
  A bullfrog zombie (D:7)
  2 orc priests
  5 orc wizards
  An iguana (D:7)
  4 worker ants
  4 gnolls (D:4)
  9 adders
  4 shadow imps
  3 white imps
  4 ufetubi
  An ooze (D:4)
  An adder zombie (D:6)
  An adder skeleton (D:9)
  A worm (D:3)
  A dart slug (D:1)
  9 leopard geckos
  31 orcs
  2 ball pythons
  6 bats
  5 giant cockroaches
  12 goblins
  9 hobgoblins
  4 jackals
  4 quokkas
  8 frilled lizards
  12 kobolds
  A quokka skeleton (D:5)
  8 rats
204 creatures vanquished.

Vanquished Creatures (collateral kills)
  2 hydras
  2 ice beasts
  A phantom (D:8)
  A wyvern zombie (D:10)
  A wyvern skeleton (D:10)
  2 centaur skeletons
  A white imp (D:9)
  An ufetubus (D:9)
11 creatures vanquished.

Vanquished Creatures (others)
  9 fungi (D:4)
9 creatures vanquished.

Grand Total: 224 creatures vanquished

Notes
Turn   | Place    | Note
-------+----------+-------------------------------------------
     0 | D:1      | gruber the Demonspawn Ice Elementalist began the quest for
                  | the Orb.
     0 | D:1      | Reached XP level 1. HP: 13/13 MP: 3/3
   282 | D:1      | Reached skill level 4 in Ice Magic
   282 | D:1      | Gained mutation: When hurt, damage is shared between your
                  | health and your magic reserves. [demonic ancestry]
   282 | D:1      | Reached XP level 2. HP: 19/19 MP: 0/5
  1279 | D:2      | Reached XP level 3. HP: 24/24 MP: 3/6
  1292 | D:1      | Learned a level 3 spell: Frozen Ramparts
  1447 | D:2      | Found an opulent altar of Gozag.
  1447 | D:2      | Found Gozag's Platinum Reserve.
  1645 | D:2      | Reached skill level 5 in Ice Magic
  2149 | D:2      | Found an iron altar of Okawaru.
  2463 | D:3      | Reached XP level 4. HP: 29/30 MP: 4/7
  2498 | D:3      | Found a sacrificial altar of Ru.
  3045 | D:3      | Noticed a bullfrog
  3053 | D:3      | Killed a bullfrog
  3054 | D:3      | Reached skill level 6 in Ice Magic
  3054 | D:3      | Gained mutation: You have sharp fingernails. [demonic
                  | ancestry]
  3054 | D:3      | Reached XP level 5. HP: 26/35 MP: 1/8
  3349 | D:3      | Found an ornate altar of the Wu Jian Council.
  3379 | D:3      | Found an opulent altar of Gozag.
  3379 | D:3      | Found a radiant altar of Vehumet.
  3424 | D:3      | Became a worshipper of Vehumet
  4004 | D:4      | Found a blossoming altar of Fedhas.
  4062 | D:4      | Reached XP level 6. HP: 41/41 MP: 3/9
  4142 | D:4      | Learned a level 4 spell: Hailstorm
  4193 | D:4      | Reached skill level 1 in Shields
  4619 | D:4      | Reached skill level 7 in Ice Magic
  5215 | D:5      | Entered Level 5 of the Dungeon
  5447 | D:5      | Noticed an orc warrior
  5458 | D:5      | Gained mutation: Your flesh is cold resistant. (rC+)
                  | [demonic ancestry]
  5458 | D:5      | Reached XP level 7. HP: 46/46 MP: 4/10
  5459 | D:5      | Reached * piety under Vehumet
  5459 | D:5      | Offered knowledge of Foxfire by Vehumet.
  5463 | D:5      | Reached skill level 8 in Ice Magic
  6024 | D:5      | Noticed Edmund
  6040 | D:5      | Killed Edmund
  6050 | D:5      | Noticed Pikel
  6222 | D:5      | Killed Pikel
  6223 | D:5      | Reached skill level 9 in Ice Magic
  6223 | D:5      | Reached XP level 8. HP: 52/52 MP: 7/11
  6228 | D:5      | Reached skill level 10 in Ice Magic
  6953 | D:6      | Found a snail-covered altar of Cheibriados.
  7113 | D:6      | Found a staircase to the Ecumenical Temple.
  7324 | D:6      | Reached skill level 5 in Spellcasting
  7329 | D:6      | Learned a level 4 spell: Summon Ice Beast
  7544 | D:6      | Gained mutation: You are partially covered in thin metallic
                  | scales. (AC +2) [demonic ancestry]
  7544 | D:6      | Reached XP level 9. HP: 53/57 MP: 14/16
  7589 | D:6      | Found a glowing silver altar of Zin.
  7638 | D:6      | Noticed Sigmund
  7641 | D:6      | Killed Sigmund
  8305 | D:7      | Reached skill level 1 in Summonings
  8368 | D:7      | Noticed Prince Ribbit
  8374 | D:7      | Killed Prince Ribbit
  8860 | D:7      | Offered knowledge of Searing Ray by Vehumet.
  8922 | D:7      | Learned a level 2 spell: Searing Ray
  9000 | D:7      | Reached ** piety under Vehumet
  9444 | D:8      | Found a blossoming altar of Fedhas.
  9446 | D:8      | Noticed a freezing wraith
  9629 | D:8      | Found a transporter.
  9639 | D:8      | Found a transporter.
  9745 | D:8      | Reached skill level 11 in Ice Magic
  9866 | D:8      | Found Deirgh's Magic Scroll Shop.
 10013 | D:8      | Noticed Psyche
 10017 | D:8      | Killed Psyche
 10018 | D:8      | Gained mutation: You have very sharp fingernails. [demonic
                  | ancestry]
 10018 | D:8      | Reached XP level 10. HP: 48/63 MP: 0/17
 10198 | D:8      | Noticed a four-headed hydra
 10203 | D:8      | Killed a four-headed hydra
 10432 | D:8      | Found a hazy altar of Hepliaklqana.
 10450 | D:8      | Offered knowledge of Mephitic Cloud by Vehumet.
 10669 | D:9      | Found a runed translucent gate.
 10669 | D:9      | Found a runed translucent gate.
 10669 | D:9      | Found a runed translucent gate.
 10673 | D:9      | Noticed arkorax's ghost (novice DsAK)
 10841 | D:9      | Reached skill level 12 in Ice Magic
 11237 | D:9      | Reached *** piety under Vehumet
 11343 | D:9      | Noticed a four-headed hydra
 11343 | D:9      | Noticed a skeletal warrior
 11343 | D:9      | Noticed a tengu warrior
 11494 | D:9      | Killed a tengu warrior
 11504 | D:9      | Killed a four-headed hydra
 11631 | D:10     | Entered Level 10 of the Dungeon
 11735 | D:10     | Reached skill level 13 in Ice Magic
 12019 | D:10     | Noticed Fannar
 12079 | D:10     | HP: 2/63 [Fannar/bolt of cold (10)]
 12087 | D:10     | HP: 2/63 [ice beast[Fannar] (3)]
 12089 | D:10     | Slain by an ice beast

Illustrated notes

Levels and vault maps discovered:
D:1:      wander_arrival_lonely_grave, layout_basic
D:2:      layout_basic, lemuel_doored_altar, serial_aquarium,
          aquarium_bridge_straight [aquarium_subvault_bridge,
          aquarium_subvault_window, aquarium_subvault_bridge,
          aquarium_subvault_wall], aquarium_bridge_island_small
          [aquarium_subvault_small_water, aquarium_subvault_wall,
          aquarium_subvault_balcony, aquarium_subvault_bridge,
          aquarium_subvault_wall], aquarium_window_1, aquarium_window_2,
          aquarium_window_2, aquarium_window_3, aquarium_view_2a,
          nicolae_gozag_zags_fifth_avenue
D:3:      minmay_general_purpose_star, layout_basic,
          nicolae_ru_great_annihilating_truth, grunt_temple_overflow_open,
          minmay_box_of_dots
D:4:      layout_loops_ring, serial_aquarium, aquarium_bridge_square
          [aquarium_subvault_wall, aquarium_subvault_window,
          aquarium_subvault_window, aquarium_subvault_bridge],
          aquarium_bridge_straight [aquarium_subvault_bridge,
          aquarium_subvault_balcony, aquarium_subvault_bridge,
          aquarium_subvault_wall], aquarium_window_2, aquarium_window_fake,
          aquarium_view_2c, aquarium_view_2d, aquarium_balcony_5a,
          fedhas_altar_4
D:5:      kennysheep_windowed_halls, layout_rooms, guppyfry_early_orc_mine,
          uniq_edmund, uniq_pikel
D:6:      layout_loops_corners, nicolae_overflow_hidden_temple, zin_academy,
          minmay_temple_entry_arrows, uniq_sigmund
D:7:      layout_basic, chequers_serial_rivers_large_a, uniq_prince_ribbit1
D:8:      layout_loops_cross, marbit_many_paths,
          gammafunk_temple_overflow_arena, serial_shops, shop_scrolls,
          uniq_psyche
D:9:      minmay_shrinking_squares, layout_irregular_city,
          ebering_ghost_rock_garden, st_stairs_6, lightli_orcish_oven
D:10:     layout_loops_ring, lair_entry_dummy, erik_orc_3, minmay_checkerbox,
          uniq_fannar, uniq_erolcha, uniq_snorg

Skill      XL: |  1  2  3  4  5  6  7  8  9 10 |
---------------+-------------------------------+-----
Ice Magic      | 4 5 6 7 9 10 11 13 | 13.2
Shields        | 1 |  1.0
Dodging        | 2 4 |  4.0
Spellcasting   | 5 |  5.1
Summonings     | 4 |  4.2
Stealth        | |  1.7

Action                   |  1- 3 |  4- 6 |  7- 9 | 10-12 || total
-------------------------+-------+-------+-------+-------++-------
Melee: Unarmed           |    16 |    75 |    12 |       ||   103
       Dagger            |       |    13 |    55 |   104 ||   172
       Flail             |       |       |    33 |       ||    33
       Hand axe          |       |       |     7 |       ||     7
       Quarterstaff      |       |       |    69 |       ||    69
Throw: Dart              |       |     2 |     5 |       ||     7
 Cast: Freeze            |    56 |    48 |    25 |     1 ||   130
       Frozen Ramparts   |     1 |    20 |    40 |    14 ||    75
       Hailstorm         |       |       |    11 |     2 ||    13
       Summon Ice Beast  |       |       |     5 |    29 ||    34
       Searing Ray       |       |       |     1 |       ||     1
Evoke: Wand              |       |       |       |     1 ||     1
  Use: Scroll            |       |       |    14 |       ||    14
 Stab: Paralysed         |       |     1 |       |     1 ||     2
       Sleeping          |       |       |     3 |       ||     3
Armor: Robe              |    12 |    27 |    72 |    46 ||   157
Dodge: Dodged            |    28 |    57 |   215 |   104 ||   404
Block: Other             |       |    26 |    55 |       ||    81
       Reflection        |       |     1 |     3 |       ||     4

Table legend: (Time is in decaauts)
 A = Elapsed time spent in this place.
 B = Non-inter-level travel time spent in this place.
 C = Inter-level travel time spent in this place.
 D = Time resting spent in this place.
 E = Time spent auto-exploring this place.
 F = Levels seen in this place.
 G = Mean time per level.
                   A        B        C        D        E       F      G
               +--------+--------+--------+--------+--------+-----+--------+
         Total |  12125 |  11790 |    335 |     86 |   9750 |  10 | 1212.5 |
       Dungeon |  12125 |  11790 |    335 |     86 |   9750 |  10 | 1212.5 |
               +--------+--------+--------+--------+--------+-----+--------+

Top non-repeatable levels by time:
     D:5: 1628 daAuts
     D:3: 1487 daAuts
     D:4: 1450 daAuts
     D:6: 1429 daAuts
     D:8: 1304 daAuts
     D:1: 1275 daAuts
     D:7: 1100 daAuts
     D:9: 1044 daAuts
     D:2: 1030 daAuts
    D:10: 375 daAuts
